 Dungeon Crawl Stone Soup version 0.21.1-1-g345015f (webtiles) character file.

44 letownia2 the Digger (level 3, -3/19 HPs)
             Began as a Gargoyle Earth Elementalist on Feb 14, 2018.
             Slain by Grinder (7 damage)
             ... on level 3 of the Dungeon.
             The game lasted 00:02:32 (409 turns).

letownia2 the Digger (Gargoyle Earth Elementalist)   Turns: 409, Time: 00:02:32

Health: -3/19      AC:  5    Str: 11    XL:     3   Next: 62%
Magic:  0/6        EV: 12    Int: 16    God:
Gold:   64         SH:  0    Dex: 10    Spells: 5/6 levels left

rFire    + . .     SeeInvis .   g - +0 short sword
rCold    x . .     Gourm    .   (no shield)
rNeg     + . .     Faith    .   c - +0 robe
rPois    ∞         Spirit   +   (no helmet)
rElec    +         Reflect  .   i - scarf {Spirit}
rCorr    .         Harm     .   (no gloves)
MR       .....                  (no boots)
Stlth    ++........             (no amulet)
HPRegen  0.06/turn              m - ring of fire
MPRegen  0.10/turn              (no ring)

@: no status effects
A: negative energy resistance 1, electricity resistance, unbreathing,
petrification resistance, rot immunity, AC +3
a: no special abilities


You were on level 3 of the Dungeon.
You were not hungry.

You visited 1 branch of the dungeon, and saw 3 of its levels.

You collected 64 gold pieces.

Inventory:

Hand Weapons
 g - a +0 short sword (weapon)
Missiles
 b - 30 stones (quivered)
Armour
 c - a +0 robe (worn)
 f - a +0 ring mail
 i - a scarf of spirit shield (worn)
Jewellery
 m - a ring of fire (left hand)
Scrolls
 h - a scroll of identify {unknown}
 j - a scroll of random uselessness {unknown}
 k - a scroll of amnesia {unknown}
 l - 2 scrolls of fog {unknown}
 n - a scroll of teleportation {unknown}
Potions
 a - a potion of haste {unknown}
 o - a potion of might {unknown}
Books
 e - a book of Geomancy

   Spells                             Type                      Level
   a - Sandblast                      Earth                        1
   b - Passwall                       Transmutation/Earth          2
   c - Stone Arrow                    Conjuration/Earth            3
   d - Petrify                        Transmutation/Earth          4
   e - Lee's Rapid Deconstruction     Earth                        5
Comestibles
 d - 3 rations


   Skills:
 - Level 1.5 Dodging
 - Level 2.1 Stealth
 * Level 2.0 Spellcasting
   Level 0.7 Transmutations
 + Level 5.4 Earth Magic


You had 5 spell levels left.
You knew the following spells:

 Your Spells              Type           Power        Failure   Level  Hunger
a - Sandblast             Erth           ###...       2%          1    #......


Dungeon Overview and Level Annotations

Branches:
Dungeon (3/15)

Altars:

Annotations:
D:3 Grinder


Innate Abilities, Weirdness & Mutations

You are resistant to torment.
Your stone body is resilient. (AC +3)
You are immune to poison.
You resist negative energy. (rN+)
You are resistant to electric shocks. (rElec)
You can survive without breathing.
You are immune to petrification.
You are immune to rotting.


Message History

Aim: Grinder (heavily wounded)
The blast of sand hits Grinder.
Grinder is heavily wounded.
b - 31 stones Grinder hits you!
* * * LOW HITPOINT WARNING * * *
The ooze barely misses you.
Unknown command.
Unknown command.
Unknown command.
Casting: Sandblast
Confirm with . or Enter, or press ? or * to list all spells.
Aiming: Sandblast
Press: ? - help, Shift-Dir - straight line, f/p - Grinder
Aim: Grinder (heavily wounded)
The blast of sand hits Grinder.
Grinder is almost dead.
b - 30 stones Grinder hits you!
You die...

... #. #.## ##..####.
..# ........ ... ....
.....#.. #.# .....
#....# #.# .....
#....#####l## #.....
##..Kl.hJ#..## ......
#.##..#J###.g.5.##....?.
#......@..####†......#
##..##.5.......†...#...
.. #####.......#.#
###.....#.## ###......##
###..#.#..##
#..........##
#.###.###†..# #.
#.####...


You could see Grinder, an ooze, a kobold and a frilled lizard.

Vanquished Creatures
  2 adders
  3 leopard geckos
  A giant cockroach (D:2)
  2 goblins
  A hobgoblin (D:1)
  4 jackals
  A kobold (D:2)
  A quokka (D:3)
  A ball python (D:3)
  3 bats
  4 rats
23 creatures vanquished.

Notes
Turn   | Place    | Note
-------+----------+-------------------------------------------
     0 | D:1      | letownia2 the Gargoyle Earth Elementalist began the quest for the Orb.
     0 | D:1      | Reached XP level 1. HP: 10/10 MP: 3/3
    89 | D:1      | Reached skill level 4 in Earth Magic
   147 | D:1      | Reached XP level 2. HP: 11/15 MP: 0/5
   228 | D:2      | Reached XP level 3. HP: 15/19 MP: 2/6
   276 | D:2      | Reached skill level 5 in Earth Magic
   336 | D:3      | Noticed Grinder
   339 | D:3      | Paralysed by Grinder for 2 turns
   342 | D:3      | Paralysed by Grinder for 2 turns
   409 | D:3      | Slain by Grinder

Skill      XL: |  1  2  3 |
---------------+----------+-----
Earth Magic    | 4 5 |  5.4
Dodging        | |  1.5
Stealth        | |  2.1
Spellcasting   | |  2.0
Transmutations | |  0.7

Action                   || total
-------------------------++-------
Melee: Short sword       ||    53
 Cast: Sandblast         ||    18
Armor: Robe              ||    26
Dodge: Dodged            ||    70
